 Dungeon Crawl Stone Soup version 0.27-a0-773-gaaee5cf45b (webtiles) character file.

Game seed: 5753724092057866762

2400 rjrrt the Cleaver (level 9, -3/79 HPs)
             Began as a Minotaur Berserker on Mar 25, 2021.
             Was a Priest of Trog.
             Slain by a queen bee (14 damage)
             ... on level 6 of the Dungeon.
             The game lasted 00:09:52 (7069 turns).

rjrrt the Cleaver (Minotaur Berserker)              Turns: 7069, Time: 00:09:53

Health: -3/79      AC: 11    Str: 24    XL:     9   Next: 23%
Magic:  8/8        EV:  9    Int:  4    God:    Trog [***...]
Gold:   267        SH:  0    Dex: 11    Spells: 8/8 levels left

rFire    . . .     SeeInvis .   a - +0 war axe
rCold    . . .     Faith    .   (no shield)
rNeg     . . .     Spirit   .   q - +0 chain mail
rPois    +         Reflect  .   (helmet restricted)
rElec    .         Harm     .   j - +0 cloak
rCorr    .         Rampage  .   (no gloves)
Will     ++...                  (no boots)
Stlth    ..........             (no amulet)
HPRegen  1.23/turn              k - ring of poison resistance
MPRegen  0.11/turn              (no ring)

@: berserk cooldown, regenerating, slowed, very slow
A: horns 2, retaliatory headbutt
a: Renounce Religion, Berserk, Trog's Hand


You were on level 6 of the Dungeon.
You worshipped Trog.
Trog was most pleased with you.
You visited 1 branch of the dungeon, and saw 7 of its levels.

You collected 267 gold pieces.

Inventory:

Hand Weapons
 a - a +0 war axe (weapon)
 b - a +1 trident of venom
Missiles
 t - 16 poisoned darts (quivered)
Armour
 j - a +0 cloak (worn)
 q - a +0 chain mail (worn)
Jewellery
 e - a ring of fire
 k - a ring of poison resistance (right hand)
Wands
 h - a wand of acid (9)
 u - a wand of mindburst (7)
Scrolls
 i - a scroll of fog
 m - a scroll of teleportation
Potions
 c - a potion of mutation
 d - 2 potions of invisibility
 g - a potion of curing
 p - a potion of brilliance {unknown}
 r - a potion of flight {unknown}


   Skills:
 + Level 7.0 Fighting
 * Level 11.2 Axes
 + Level 6.5 Armour
 - Level 2.1 Dodging
 + Level 4.0 Evocations


You had 8 spell levels left.
You didn't know any spells.
Your spell library was empty.

Dungeon Overview and Level Annotations

Branches:
Dungeon (7/15)             Temple (0/1) D:6

Altars:
Ashenzari
Cheibriados
Fedhas
Gozag
Kikubaaqudgha
Nemelex Xobeh
Qazlal
Sif Muna
Vehumet
Xom
Yredelemnul
The Shining One

Shops:
D:4 :

Annotations:
D:6 1 transporter


Innate Abilities, Weirdness & Mutations

You have a pair of horns on your head.
You reflexively headbutt those who attack you in melee.


Message History

You feel strong-willed. The queen bee stings you.
* * * LOW HITPOINT WARNING * * *
Unknown command.
You feel better. The queen bee barely misses you.
You feel better. The queen bee closely misses you. You furiously retaliate!
You headbutt the queen bee, but do no damage.
The queen bee stings you.
* * * LOW HITPOINT WARNING * * *
You closely miss the queen bee. You headbutt the queen bee!
The queen bee is lightly wounded.
The queen bee stings you.
Unknown command.
You barely miss the queen bee.
The queen bee is lightly wounded.
The queen bee misses you. The queen bee closely misses you.
Unknown command.
You hit the queen bee.
The queen bee is moderately wounded.
The queen bee stings you.
* * * LOW HITPOINT WARNING * * *
You are poisoned.
The queen bee poisons you!
Unknown command.
You slash the queen bee!
The queen bee is heavily wounded.
* * * LOW HITPOINT WARNING * * *
You feel extremely sick. The queen bee barely misses you.
The queen bee stings you.
* * * LOW HITPOINT WARNING * * *
Unknown command.
You closely miss the queen bee. Your headbutt misses the queen bee.
The queen bee is heavily wounded.
You feel sick.
The queen bee stings you but does no damage.
Unknown command.
You feel better. The queen bee stings you.
* * * LOW HITPOINT WARNING * * *
The queen bee stings you!
You die...

### ###.................... ##
##.# ##...#...............
.#####..## ##...#...............
..#.##...####....................
......#..........................
.##...##........©..............##
##..###...#############.......##
#.......#####†.©..#####.....##
#......###...#y@.#...###....# #
##......##..#..###..#..##....####
#.......###...#.y.#...###....##.#
.........#####..#..#####.........
#.<..#..###.#.#...#...###......##
#...###.##..#.y###..#..##......#.
.....#..###...#...#.!!###........
.........#####$yyWy#####........#
..........#############.........#


You could see a queen bee.

Vanquished Creatures
  The ghost of HendSelp the Thaumaturge, a novice DjFE of Makhleb (D:6)
  A hornet (D:6)
  A water moccasin (D:7)
  A black bear (D:5)
  4 ogres
  An ice beast (D:6)
  A necrophage (D:5)
  2 phantoms (D:6)
  A wyvern zombie (D:5)
  A scorpion (D:6)
  4 killer bees (D:6)
  2 orc priests (D:5)
  A hound (D:5)
  A gnoll shaman (D:5)
  A bullfrog skeleton (D:5)
  Ijyb (D:3)
  4 iguanas
  2 orc wizards (D:5)
  4 gnolls (D:5)
  17 adders
  3 shadow imps
  2 white imps
  A worm (D:5)
  A dart slug (D:1)
  17 orcs
  5 endoplasms
  4 giant cockroaches
  4 goblins
  7 hobgoblins
  9 jackals
  A quokka (D:2)
  6 ball pythons
  5 bats
  6 frilled lizards
  3 kobolds (D:2)
  4 rats
129 creatures vanquished.

Notes
Turn   | Place    | Note
-------+----------+-------------------------------------------
     0 | D:1      | rjrrt the Minotaur Berserker began the quest for the Orb.
     0 | D:1      | Reached XP level 1. HP: 19/19 MP: 0/0
    17 | D:1      | Reached skill level 4 in Axes
   188 | D:1      | Reached XP level 2. HP: 15/26 MP: 1/1
   894 | D:2      | Reached skill level 5 in Axes
   895 | D:2      | Reached XP level 3. HP: 9/31 MP: 2/2
  1453 | D:2      | Found a stormy altar of Qazlal.
  1458 | D:2      | Reached ** piety under Trog
  1634 | D:2      | Reached skill level 6 in Axes
  1634 | D:2      | Reached XP level 4. HP: 37/39 MP: 3/3
  2295 | D:2      | Found a radiant altar of Vehumet.
  2295 | D:2      | Found a shimmering altar of Xom.
  2295 | D:2      | Found a glowing golden altar of the Shining One.
  2295 | D:2      | Found a blossoming altar of Fedhas.
  2302 | D:2      | Reached XP level 5. HP: 31/45 MP: 4/4
  2304 | D:2      | Reached skill level 7 in Axes
  2396 | D:2      | Found an opulent altar of Gozag.
  2401 | D:2      | Found a basalt altar of Yredelemnul.
  2667 | D:3      | Noticed Ijyb
  2675 | D:3      | Killed Ijyb
  2996 | D:3      | Found an ancient bone altar of Kikubaaqudgha.
  3203 | D:3      | Found a sparkling altar of Nemelex Xobeh.
  3628 | D:4      | Noticed an ogre
  3632 | D:4      | Killed an ogre
  3633 | D:4      | Reached XP level 6. HP: 52/52 MP: 5/5
  3789 | D:4      | Found Xoli's Book Boutique.
  3943 | D:4      | Reached skill level 8 in Axes
  4048 | D:4      | Found a shimmering blue altar of Sif Muna.
  4305 | D:5      | Entered Level 5 of the Dungeon
  4320 | D:5      | Reached *** piety under Trog
  4380 | D:5      | Found a snail-covered altar of Cheibriados.
  4421 | D:5      | Reached skill level 1 in Evocations
  4421 | D:5      | Reached XP level 7. HP: 16/60 MP: 6/6
  5165 | D:5      | Reached skill level 5 in Fighting
  5165 | D:5      | Reached skill level 9 in Axes
  5205 | D:5      | Found a broken altar of Ashenzari.
  5393 | D:5      | Found a basalt altar of Yredelemnul.
  5750 | D:6      | Reached XP level 8. HP: 61/69 MP: 7/7
  5917 | D:6      | Found a staircase to the Ecumenical Temple.
  5939 | D:6      | Reached skill level 5 in Armour
  6069 | D:6      | Reached skill level 10 in Axes
  6194 | D:6      | Found a transporter.
  6356 | D:6      | Noticed HendSelp's ghost (novice DjFE)
  6383 | D:6      | Noticed a hornet
  6383 | D:6      | Noticed a queen bee
  6754 | D:6      | Found a transporter.
  6960 | D:6      | Killed a hornet
  6964 | D:6      | Reached XP level 9. HP: 25/78 MP: 8/8
  7056 | D:6      | Killed HendSelp's ghost
  7057 | D:6      | Reached skill level 11 in Axes
  7061 | D:6      | HP: 1/79 [queen bee (6)]
  7069 | D:6      | Slain by a queen bee

Illustrated notes

Levels and vault maps discovered:
D:1:      wander_arrival_desolate, layout_rooms, serial_glass, glass_columns_a,
          glass_columns_a, item_on_display_a, feat_on_display
D:2:      minmay_razor_zed, layout_basic, minmay_overflow_temple_hex,
          nicolae_qazlal_scattered_showers, minmay_misc_feat_four_crosses,
          grunt_decor_cap, minmay_3d_cube
D:3:      layout_loops_ring, nemelex_xobeh_ov_fountains_minmay,
          overflow_temple_1_default, serial_forest, infiniplex_forest_diagonal,
          infiniplex_forest_lined_2, infiniplex_forest_lined_room_2,
          infiniplex_forest_straight_5, infiniplex_forest_lined_4_way,
          infiniplex_forest_end_3, uniq_ijyb
D:4:      layout_gridville, kennysheep_mini_moat, serial_shops,
          nicolae_shop_crystal, chequers_garden
D:5:      layout_loops_corners, ashenzari_altar_1, cheibriados_altar_1,
          basic_altar
D:6:      layout_cave_pools, lemuel_temple_firewalk_b, gammafunk_ghost_hive
D:7:      layout_rooms

Skill      XL: |  1  2  3  4  5  6  7  8  9 |
---------------+----------------------------+-----
Axes           | 4 5 6 7 8 9 10 11 | 11.2
Fighting       | 4 5 6 7 |  7.0
Armour         | 3 4 6 |  6.5
Evocations     | 1 2 3 4 |  4.0
Dodging        | |  2.1

Action                   |  1- 3 |  4- 6 |  7- 9 || total
-------------------------+-------+-------+-------++-------
Melee: Hand axe          |    75 |    74 |       ||   149
       Headbutt          |     7 |    18 |    33 ||    58
       War axe           |       |    52 |   158 ||   210
Throw: Dart              |       |       |     7 ||     7
Invok: Berserk           |     1 |     3 |     3 ||     7
       Trog's Hand       |       |       |     2 ||     2
  Use: Scroll            |       |       |    11 ||    11
       Potion            |       |       |     3 ||     3
 Stab: Sleeping          |     1 |       |       ||     1
Armor: Animal skin       |     4 |       |       ||     4
       Ring mail         |    10 |    17 |       ||    27
       Chain mail        |       |    63 |    86 ||   149
Dodge: Dodged            |    55 |    63 |    65 ||   183

Table legend: (Time is in decaauts)
 A = Elapsed time spent in this place.
 B = Non-inter-level travel time spent in this place.
 C = Inter-level travel time spent in this place.
 D = Time resting spent in this place.
 E = Time spent auto-exploring this place.
 F = Levels seen in this place.
 G = Mean time per level.
                   A        B        C        D        E       F      G
               +--------+--------+--------+--------+--------+-----+--------+
         Total |   7135 |   6946 |    189 |   1368 |   4596 |   7 | 1019.3 |
       Dungeon |   7135 |   6946 |    189 |   1368 |   4596 |   7 | 1019.3 |
               +--------+--------+--------+--------+--------+-----+--------+

Top non-repeatable levels by time:
     D:2: 1760 daAuts
     D:5: 1454 daAuts
     D:6: 1327 daAuts
     D:3: 1158 daAuts
     D:4: 736 daAuts
     D:1: 680 daAuts
     D:7: 17 daAuts
